 Dungeon Crawl Stone Soup version 0.22.1-6-g1668fe2 (webtiles) character file.

5471 infcreate the Thaumaturge (level 10, -2/50 HPs)
             Began as a Deep Elf Conjurer on Jan 23, 2019.
             Was a Believer of Vehumet.
             Slain by a troll (8 damage)
             ... on level 10 of the Dungeon.
             The game lasted 00:50:43 (10198 turns).

infcreate the Thaumaturge (Deep Elf Conjurer)      Turns: 10198, Time: 00:50:44

Health: -2/50      AC:  4    Str:  5    XL:     10   Next: 42%
Magic:  24/29      EV: 15    Int: 24    God:    Vehumet [**....]
Gold:   449        SH:  0    Dex: 15    Spells: 18/36 levels left

rFire    + . .     SeeInvis .   (no weapon)
rCold    . . .     Gourm    .   (no shield)
rNeg     . . .     Faith    .   a - +0 robe
rPois    .         Spirit   .   y - +1 hat
rElec    .         Reflect  .   w - +0 cloak
rCorr    .         Harm     .   (no gloves)
MR       +....                  (no boots)
Stlth    +++.......             (no amulet)
HPRegen  0.16/turn              n - ring of wizardry
MPRegen  0.21/turn              A - ring of protection from fire

@: no status effects
A: no striking features
a: Renounce Religion


You were on level 10 of the Dungeon.
You worshipped Vehumet.
Vehumet was pleased with you.
You were not hungry.

You visited 2 branches of the dungeon, and saw 11 of its levels.

You collected 449 gold pieces.

Inventory:

Armour
 a - a +0 robe (worn)
 w - a +0 cloak (worn)
 y - a +1 hat (worn)
Jewellery
 n - a ring of wizardry (left hand)
 A - a ring of protection from fire (right hand)
Wands
 p - a wand of digging (29)
 D - a wand of flame (37)
Scrolls
 b - 4 scrolls of enchant armour {unknown}
 d - a scroll of magic mapping {unknown}
 h - 4 scrolls of identify
 i - a scroll of enchant weapon
 o - 3 scrolls of amnesia
 q - a scroll of immolation {unknown}
 u - a scroll of fear {unknown}
 x - 2 scrolls of teleportation {unknown}
 B - 2 scrolls of remove curse {unknown}
Potions
 e - 2 potions of lignification
 f - 2 potions of flight
 g - 2 potions of degeneration {unknown}
 j - 3 potions of invisibility
 k - 2 potions of brilliance {unknown}
 l - 3 potions of might
 m - 2 potions of curing
 r - a potion of berserk rage {unknown}
 s - a potion of agility {unknown}
 t - a potion of cancellation {unknown}
 v - a potion of mutation {unknown}
 z - a potion of magic {unknown}
 C - 2 potions of haste {unknown}
Comestibles
 c - 25 rations


   Skills:
 + Level 4.7 Dodging
 + Level 4.7 Stealth
 + Level 13.7 Spellcasting
 + Level 11.8 Conjurations


You had 18 spell levels left.
You knew the following spells:

 Your Spells              Type           Power        Failure   Level  Hunger
a - Magic Dart            Conj           ####         1%          1    None
b - Searing Ray           Conj           ######       1%          2    None
c - Dazzling Spray        Conj/Hex       #####.       1%          3    None
d - Iskenderun's Mystic   Conj           ######..     1%          4    None
e - Force Lance           Conj/Tloc      #####...     1%          4    None
f - Fulminant Prism       Conj/Hex       #####.....   1%          4    None

Your spell library contained the following spells:

 Spells                   Type           Power        Failure   Level  Hunger
 Sandblast                Erth           ###...       1%          1    None
 Shock                    Conj/Air       ####         1%          1    None
 Static Discharge         Conj/Air       #####...     1%          3    None
 Swiftness                Chrm/Air       ###.....     2%          2    None
 Lightning Bolt           Conj/Air       #####.....   3%          5    ###....
 Airstrike                Air            ###.......   14%         4    None


Dungeon Overview and Level Annotations

Branches:
Dungeon (10/15)            Temple (1/1) D:6            Lair (0/6) D:8
    Orc: D:9-12

Altars:
Ashenzari
Cheibriados
Dithmenos
Fedhas
Gozag
Hepliaklqana
Kikubaaqudgha
Makhleb
Nemelex Xobeh
Okawaru
Qazlal
Ru
Trog
Uskayaw
Vehumet
Wu Jian
Xom
Yredelemnul
Zin
The Shining One

Shops:
D:5 [   D:6 ?   D:9 =


Message History

Casting: Searing Ray (safe; 1% risk of failure)
Confirm with . or Enter, or press ? or * to list all spells.
Aiming: Searing Ray (safe; 1% risk of failure)
Press: ? - help, Shift-Dir - straight line, f - troll
Aim: a troll The searing ray hits the troll.
The troll is lightly wounded. (Press . to maintain the ray.)
The troll closely misses you. x2; The troll barely misses you.
The searing ray hits the troll.
The troll is lightly wounded.
The troll bites you! The troll claws you. The troll misses you.
The searing ray misses the troll.
The troll bites you. The troll claws you! The troll claws you.
The searing ray hits the troll.
The troll is severely wounded.
You finish channeling your searing ray.
The troll bites you!
* * * LOW HITPOINT WARNING * * *
The troll barely misses you. The troll claws you!
You die...

###.. ..# #......o.>.. ...... #.#
#.......o. ....##
####.#####.%...$.. .####
#.......#.......##
..######.......#........##
............^.........#..####
#.............[.[...........# ##
.....###.........>(.........##...
#....#
#########@รท[..[$(.........
###### #T........<..##...
#.........>.......
#............##... #####........#
.. ##########


You could see a troll.

Vanquished Creatures
  Pikel (D:7)
  Maurice (D:8)
  Prince Ribbit (D:5)
  Grinder (D:3)
  A hippogriff (D:10)
  Grum (D:8)
  Edmund (D:5)
  A water moccasin (D:7)
  Duvessa (D:6)
  An orc warrior (D:10)
  A black bear (D:7)
  2 sky beasts
  7 ogres
  A phantom (D:6)
  2 wolves (D:8)
  8 centaurs
  2 bullfrogs
  A gnoll sergeant (D:8)
  2 wyvern skeletons
  Dowan (D:6)
  A scorpion (D:6)
  A bullfrog zombie (D:9)
  A crimson imp (D:8)
  A quasit (D:9)
  A centaur skeleton (D:4)
  5 orc wizards
  5 hounds
  7 orc priests
  3 jellies
  A bullfrog skeleton (D:8)
  4 iguanas
  Terence (D:2)
  Ijyb (D:3)
  Natasha (thrice) (D:3)
  8 worker ants
  10 gnolls
  4 adders
  3 shadow imps
  An adder zombie (D:6)
  2 adder skeletons
  3 worms (D:3)
  3 dart slugs
  4 leopard geckos
  16 orcs
  2 ball pythons (D:1)
  4 giant cockroaches
  8 goblins
  7 hobgoblins
  18 jackals
  10 quokkas
  6 bats
  10 frilled lizards
  A jackal skeleton (D:4)
  A jackal zombie (D:7)
  7 kobolds
  A leopard gecko skeleton (D:4)
  4 rats
205 creatures vanquished.

Vanquished Creatures (others)
  9 fulminant prisms
  A plant (D:4)
10 creatures vanquished.

Grand Total: 215 creatures vanquished

Notes
Turn   | Place    | Note
-------+----------+-------------------------------------------
     0 | D:1      | infcreate the Deep Elf Conjurer began the quest for the
                  | Orb.
     0 | D:1      | Reached XP level 1. HP: 10/10 MP: 6/6
   195 | D:1      | Reached XP level 2. HP: 15/15 MP: 5/8
   213 | D:1      | Learned a level 2 spell: Searing Ray
   493 | D:1      | Reached skill level 5 in Conjurations
   754 | D:2      | Reached XP level 3. HP: 16/19 MP: 5/10
  1111 | D:2      | Noticed Terence
  1123 | D:2      | Killed Terence
  1123 | D:2      | Reached skill level 4 in Spellcasting
  1123 | D:2      | Reached XP level 4. HP: 24/24 MP: 6/12
  1468 | D:2      | Learned a level 3 spell: Dazzling Spray
  1523 | D:3      | Noticed Ijyb
  1553 | D:3      | Killed Ijyb
  1772 | D:3      | Noticed Natasha
  1775 | D:3      | Killed Natasha
  1775 | D:3      | Reached skill level 5 in Spellcasting
  1775 | D:3      | Reached XP level 5. HP: 17/28 MP: 2/14
  1953 | D:3      | Noticed Grinder
  1961 | D:3      | Killed Grinder
  1961 | D:3      | Reached skill level 6 in Spellcasting
  1961 | D:3      | Reached XP level 6. HP: 32/32 MP: 4/17
  2150 | D:3      | Noticed Natasha
  2155 | D:3      | Killed Natasha
  2315 | D:3      | Noticed Natasha
  2318 | D:3      | Killed Natasha
  2586 | D:4      | Reached skill level 7 in Spellcasting
  2586 | D:4      | Reached XP level 7. HP: 36/36 MP: 13/19
  2604 | D:4      | Learned a level 4 spell: Iskenderun's Mystic Blast
  2669 | D:4      | Learned a level 4 spell: Force Lance
  2674 | D:4      | Learned a level 4 spell: Fulminant Prism
  3188 | D:4      | Reached skill level 8 in Spellcasting
  3365 | D:4      | Found a stormy altar of Qazlal.
  3566 | D:5      | Entered Level 5 of the Dungeon
  3907 | D:5      | Noticed Edmund
  3920 | D:5      | Killed Edmund
  3920 | D:5      | Reached skill level 9 in Spellcasting
  3920 | D:5      | Reached XP level 8. HP: 28/41 MP: 4/23
  4106 | D:5      | Noticed Prince Ribbit
  4115 | D:5      | Killed Prince Ribbit
  4228 | D:5      | Found Tousmus's Antique Armour Boutique.
  4432 | D:5      | Found a snail-covered altar of Cheibriados.
  4969 | D:6      | Reached skill level 10 in Spellcasting
  4995 | D:6      | Found a staircase to the Ecumenical Temple.
  5020 | Temple   | Entered the Ecumenical Temple
  5029 | Temple   | Became a worshipper of Vehumet
  5400 | D:6      | Found Nussuole's Magic Scroll Boutique.
  5414 | D:6      | Noticed Dowan
  5418 | D:6      | Noticed Duvessa
  5435 | D:6      | Killed Dowan
  5518 | D:6      | Killed Duvessa
  5518 | D:6      | Reached XP level 9. HP: 13/45 MP: 9/25
  5913 | D:6      | Found a stormy altar of Qazlal.
  6096 | D:6      | Reached skill level 11 in Spellcasting
  6644 | D:7      | Noticed Pikel
  6652 | D:7      | Killed Pikel
  6652 | D:7      | Reached skill level 10 in Conjurations
  6715 | D:7      | Reached skill level 12 in Spellcasting
  7005 | D:7      | Found a shimmering altar of Xom.
  7382 | D:8      | Reached * piety under Vehumet
  7382 | D:8      | Offered knowledge of Sting by Vehumet.
  7389 | D:8      | Learned a level 5 spell: Lightning Bolt
  7546 | D:8      | Noticed Maurice
  7556 | D:8      | Killed Maurice
  7677 | D:8      | Found a staircase to the Lair.
  7727 | D:8      | Found a blossoming altar of Fedhas.
  7739 | D:8      | Reached XP level 10. HP: 50/50 MP: 14/28
  7796 | D:8      | Reached skill level 13 in Spellcasting
  7883 | D:8      | Noticed Grum
  7894 | D:8      | Killed Grum
  8116 | D:8      | Found an ancient bone altar of Kikubaaqudgha.
  8116 | D:8      | Found a burning altar of Makhleb.
  8117 | D:8      | Found a bloodstained altar of Trog.
  8118 | D:8      | Found an iron altar of Okawaru.
  8502 | D:9      | Found a glowing silver altar of Zin.
  8559 | D:9      | Found a shadowy altar of Dithmenos.
  8631 | D:9      | Found Yjus's Jewellery Shop.
  8687 | D:9      | Found an opulent altar of Gozag.
  8691 | D:9      | Found a sacrificial altar of Ru.
  9237 | D:9      | Found an ornate altar of the Wu Jian Council.
  9326 | D:10     | Entered Level 10 of the Dungeon
  9409 | D:9      | Offered knowledge of Sandblast by Vehumet.
  9419 | D:9      | Reached ** piety under Vehumet
 10198 | D:10     | Slain by a troll

Skill      XL: |  1  2  3  4  5  6  7  8  9 10 |
---------------+-------------------------------+-----
Conjurations   | 5 6 7 8 9 11 | 11.8
Spellcasting   | 4 5 6 7 9 10 12 13 | 13.7
Stealth        | 3 4 |  4.7
Dodging        | 3 4 |  4.7

Action                   |  1- 3 |  4- 6 |  7- 9 | 10-12 || total
-------------------------+-------+-------+-------+-------++-------
 Cast: Magic Dart        |    68 |    79 |   146 |    64 ||   357
       Searing Ray       |     1 |     8 |    19 |    13 ||    41
       Dazzling Spray    |       |     4 |    11 |     1 ||    16
       Iskenderun's Myst |       |       |    49 |    23 ||    72
       Fulminant Prism   |       |       |     5 |     4 ||     9
       Lightning Bolt    |       |       |     3 |     3 ||     6
  Use: Scroll            |       |       |     9 |     1 ||    10
       Potion            |       |       |     1 |       ||     1
  Eat: Chunk             |       |     4 |    18 |     6 ||    28
       Ration            |       |       |       |     1 ||     1
Armor: Robe              |     2 |     2 |     5 |     5 ||    14
Dodge: Dodged            |     4 |    14 |    48 |    49 ||   115
